[Event "UKR-ch Women 2020"]
[Site "Kherson"]
[Date "2020.12.12"]
[Round "7.6"]
[White "Tsirulnik, Maritsa"]
[Black "Berdnyk, Mariia"]
[Result "0-1"]
[ECO "E01"]
[WhiteElo "2139"]
[BlackElo "2324"]
[Annotator "ChessBase"]
[PlyCount "73"]
[EventDate "2020.12.06"]
[EventType "swiss"]
[EventCountry "UKR"]
[SourceTitle "playchess.com"]
[Source "ChessBase"]
[SourceQuality "1"]
[TimeControl "40/5400+30:1800+30"]

1. d4 Nf6 2. c4 e6 3. g3 d5 4. Bg2 dxc4 5. Qa4+ c6 6. Qxc4 b5 7. Qc2 Bb7 8. Nf3 Nbd7 9. Ne5 Nxe5 10. dxe5 Nd5 11. O-O Be7 12. Nc3 Qb6 13. Nxd5 cxd5 14. Be3 Qa5 15. Rfc1 Rc8 16. Qd3 O-O 17. Qd4 a6 18. Qa7 Rb8 19. Bb6 Qd2 20. Rc7 Bg5 21. f4 Bh6 22. Rxb7 Ra8 23. Qxa8 Rxa8 24. Rc7 g5 25. Rac1 Qxe2 26. Rc8+ Rxc8 27. Rxc8+ Kg7 28. Bf1 Qd1 29. Bd8 Kg6 30. Bf6 Kf5 31. Kf2 Qd2+ 32. Be2 gxf4 33. Rc3 fxg3+ 34. Rxg3 Bf4 35. Rd3 Qxb2 36. Kf3 Bxe5 37. Rb3 0-1

[Event "UKR-ch Women 2020"]
[Site "Kherson"]
[Date "2020.12.12"]
[Round "7.7"]
[White "Zinkevich, Julia"]
[Black "Yeshchenko, Uliana"]
[Result "1/2-1/2"]
[ECO "A05"]
[WhiteElo "2178"]
[BlackElo "1872"]
[Annotator "ChessBase"]
[PlyCount "135"]
[EventDate "2020.12.06"]
[EventType "swiss"]
[EventCountry "UKR"]
[SourceTitle "playchess.com"]
[Source "ChessBase"]
[SourceQuality "1"]
[TimeControl "40/5400+30:1800+30"]

1. Nf3 Nf6 2. g3 g6 3. Bg2 Bg7 4. O-O d5 5. d3 O-O 6. Nbd2 Nc6 7. e4 dxe4 8. dxe4 a5 9. Qe2 Bg4 10. h3 Nd4 11. Qc4 Nxf3+ 12. Nxf3 Bxf3 13. Bxf3 e5 14. Be3 c6 15. Bc5 Re8 16. Rad1 Qc8 17. Kh2 b5 18. Qe2 Bf8 19. Be3 Qc7 20. c4 Qb7 21. b3 Nd7 22. cxb5 cxb5 23. Rd5 Rab8 24. a4 bxa4 25. bxa4 Bb4 26. Rb5 Qa8 27. Rd1 Rbd8 28. Bg5 f6 29. Qc4+ Kh8 30. Rxd7 fxg5 31. Rbb7 Rxd7 32. Rxd7 Re7 33. Rxe7 Bxe7 34. Qe6 Qf8 35. Qxe5+ Qf6 36. Qb8+ Kg7 37. Kg2 Qd6 38. Qb7 Qb4 39. Qd7 Qd6 40. Qb7 Qb4 41. Qc7 Qc5 42. Qd7 Qd6 43. Qb5 Qc5 44. Qd3 Bf6 45. Qd7+ Kh6 46. Be2 Bd4 47. Qf7 Qe5 48. Qf8+ Qg7 49. Qf3 Qf6 50. Qxf6 Bxf6 51. f4 gxf4 52. gxf4 Bc3 53. Kf3 g5 54. f5 Kg7 55. Kg4 h6 56. Bc4 Bd4 57. Bd5 Kf6 58. Kh5 Kg7 59. Bc6 Bc3 60. Be8 Bd4 61. h4 gxh4 62. Kxh4 Kf6 63. Kh5 Be3 64. Bc6 Bf4 65. Kg4 Be5 66. Bb5 Bd6 67. Kh5 Bf4 68. Kg4 1/2-1/2

[Event "UKR-ch Women 2020"]
[Site "Kherson"]
[Date "2020.12.12"]
[Round "7.8"]
[White "Martynkova, Olena"]
[Black "Barchuk, Irina"]
[Result "1-0"]
[ECO "A45"]
[WhiteElo "2222"]
[BlackElo "2075"]
[Annotator "ChessBase"]
[PlyCount "125"]
[EventDate "2020.12.06"]
[EventType "swiss"]
[EventCountry "UKR"]
[SourceTitle "playchess.com"]
[Source "ChessBase"]
[SourceQuality "1"]
[TimeControl "40/5400+30:1800+30"]

1. d4 Nf6 2. g3 g6 3. Bg2 Bg7 4. e4 d6 5. Nc3 O-O 6. Nge2 e5 7. O-O exd4 8. Nxd4 Re8 9. h3 Nbd7 10. Nb3 Nb6 11. a4 a6 12. a5 Nc4 13. f4 c6 14. Ra4 b5 15. axb6 Nxb6 16. Ra1 Qc7 17. Na5 Be6 18. Kh2 Rad8 19. Qe2 Bc8 20. Qf2 d5 21. e5 Nfd7 22. Rd1 f6 23. Nxc6 Qxc6 24. Nxd5 Qe6 25. Nc7 Qe7 26. Nxe8 Rxe8 27. Be3 Qb4 28. c3 Qb5 29. exf6 Bxf6 30. Re1 Rf8 31. Rad1 Nc4 32. Bd4 a5 33. Bxf6 Nxf6 34. Rd4 Bd7 35. Bf1 Rc8 36. Qe2 Qxb2 37. Rxc4 Qxe2+ 38. Bxe2 Re8 39. Rd4 Kg7 40. Rdd1 Bf5 41. Bb5 Rc8 42. g4 Bc2 43. Rd2 Bb3 44. Re7+ Kf8 45. Ra7 h5 46. f5 gxf5 47. Rf2 Be6 48. gxf5 Bf7 49. Rxa5 Ne4 50. Rc2 Rxc3 51. Rxc3 Nxc3 52. Bc6 Kg7 53. Bf3 Kf6 54. Kg3 Nb1 55. Kf4 Nd2 56. Bd5 Bxd5 57. Rxd5 Nc4 58. Rd4 Na5 59. Rd6+ Kf7 60. Kg5 Nc4 61. Rd7+ Ke8 62. Ra7 Nd6 63. Kg6 1-0

[Event "UKR-ch Women 2020"]
[Site "Kherson"]
[Date "2020.12.12"]
[Round "7.9"]
[White "Grineva, Marianna"]
[Black "Gaponenko, Inna"]
[Result "1-0"]
[ECO "B21"]
[WhiteElo "2001"]
[BlackElo "2390"]
[Annotator "ChessBase"]
[PlyCount "61"]
[EventDate "2020.12.06"]
[EventType "swiss"]
[EventCountry "UKR"]
[SourceTitle "playchess.com"]
[Source "ChessBase"]
[SourceQuality "1"]
[TimeControl "40/5400+30:1800+30"]

1. e4 c5 2. d4 cxd4 3. c3 Nf6 4. e5 Nd5 5. Nf3 Nc6 6. Bc4 e6 7. O-O d6 8. cxd4 Be7 9. a3 O-O 10. Bd3 dxe5 11. dxe5 Qc7 12. Qc2 g6 13. Re1 Rd8 14. Nbd2 Bd7 15. Nf1 Rac8 16. Qe2 Na5 17. Bh6 Nb3 18. Rad1 Ba4 19. h4 Qb6 20. Rb1 Nd4 21. Qe4 Nxf3+ 22. Qxf3 Bc2 23. Bxc2 Rxc2 24. Ne3 Rxb2 25. Nxd5 Rxd5 26. Rbc1 Bxh4 27. Rc8+ Rd8 28. Be3 Qa5 29. Rec1 Qxe5 30. Qd1 Bxf2+ 31. Bxf2 1-0

[Event "UKR-ch Women 2020"]
[Site "Kherson"]
[Date "2020.12.12"]
[Round "7.10"]
[White "Grigorchuk, Katerina"]
[Black "Mashchenko, Tamila"]
[Result "1-0"]
[ECO "B70"]
[WhiteElo "1767"]
[BlackElo "1768"]
[Annotator "NA"]
[PlyCount "111"]
[EventDate "2020.12.06"]
[EventType "swiss"]
[EventCountry "UKR"]
[SourceTitle "playchess.com"]
[Source "ChessBase"]
[SourceQuality "1"]
[TimeControl "40/5400+30:1800+30"]

1. e4 c5 2. Nf3 d6 3. d4 cxd4 4. Nxd4 Nf6 5. Nc3 g6 6. g3 Bg7 7. Bg2 O-O 8. O-O Nc6 9. Nde2 Rb8 10. a4 a6 11. Nd5 b5 12. axb5 axb5 13. Bg5 Nd7 14. Ra2 h6 15. Bf4 Nde5 16. Bxe5 Nxe5 17. Nd4 e6 18. Nb4 Qb6 19. c3 Bb7 20. Kh1 Ra8 21. Rxa8 Rxa8 22. Qe2 Nc4 23. b3 Na5 24. Qd3 Rc8 25. Rb1 Bxd4 26. cxd4 Nc6 27. Nc2 Na5 28. Ne3 b4 29. Ng4 Kg7 30. Qd2 g5 31. h4 f6 32. f4 h5 33. fxg5 f5 34. Nf6 Rh8 35. exf5 Bxg2+ 36. Kxg2 exf5 37. Qe2 Qxd4 38. Rd1 Qe5 39. Nxh5+ Kf7 40. Qf3 Re8 41. Rd5 Qe2+ 42. Qxe2 Rxe2+ 43. Kf3 Re5 44. Rxd6 Ke7 45. Rb6 Nxb3 46. Rxb4 Nd2+ 47. Kf4 Rd5 48. g6 Rd8 49. Rb7+ Ke6 50. Kg5 Ne4+ 51. Kh6 Rh8+ 52. Rh7 Rg8 53. g7 Kf7 54. Rh8 Nf6 55. Nxf6 Rxg7 56. Rh7 1-0

[Event "UKR-ch Women 2020"]
[Site "Kherson"]
[Date "2020.12.13"]
[Round "8.1"]
[White "Petrova, Irina"]
[Black "Buksa, Nataliya"]
[Result "1/2-1/2"]
[ECO "B31"]
[WhiteElo "2077"]
[BlackElo "2410"]
[Annotator "NA"]
[PlyCount "82"]
[EventDate "2020.12.06"]
[EventType "swiss"]
[EventCountry "UKR"]
[SourceTitle "playchess.com"]
[Source "ChessBase"]
[SourceQuality "1"]
[TimeControl "40/5400+30:1800+30"]

1. e4 c5 2. Nf3 Nc6 3. Bb5 g6 4. Bxc6 bxc6 5. O-O Bg7 6. Re1 Nh6 7. c3 O-O 8. d4 cxd4 9. cxd4 d5 10. e5 f6 11. exf6 exf6 12. Nbd2 Nf7 13. Nb3 Bf5 14. Bd2 Re8 15. Bb4 Qb6 16. Bc5 Qc7 17. Qd2 Be4 18. Qc3 Bxf3 19. Qxf3 Ng5 20. Qg3 Qd7 21. f3 Ne6 22. Qd6 Qxd6 23. Bxd6 Bh6 24. Kf1 Kf7 25. Rad1 Rad8 26. Bc5 Nxc5 27. Nxc5 Rb8 28. Nb3 Rb4 29. Rxe8 Kxe8 30. Re1+ Kf7 31. Re2 Rc4 32. g3 Bf8 33. a3 Bd6 34. Rd2 Bc7 35. Ke2 Bb6 36. Rd3 Rc2+ 37. Rd2 Rc4 38. Rd3 Ke6 39. Rc3 Rxc3 40. bxc3 Kd6 41. a4 Bd8 1/2-1/2

[Event "UKR-ch Women 2020"]
[Site "Kherson"]
[Date "2020.12.13"]
[Round "8.2"]
[White "Babiy, Olga"]
[Black "Rakhmangulova, Anastasiya"]
[Result "1-0"]
[ECO "C10"]
[WhiteElo "2271"]
[BlackElo "2132"]
[Annotator "NA"]
[PlyCount "79"]
[EventDate "2020.12.06"]
[EventType "swiss"]
[EventCountry "UKR"]
[SourceTitle "playchess.com"]
[Source "ChessBase"]
[SourceQuality "1"]
[TimeControl "40/5400+30:1800+30"]

1. e4 e6 2. d4 d5 3. Nc3 Nc6 4. Nf3 Nf6 5. Bd3 Nb4 6. e5 Nxd3+ 7. Qxd3 Nd7 8. Bg5 Be7 9. Bxe7 Qxe7 10. O-O a6 11. Ne2 Nf8 12. Nd2 Bd7 13. a4 Ng6 14. f4 f6 15. exf6 gxf6 16. f5 exf5 17. Ng3 O-O-O 18. Nxf5 Qe8 19. Rae1 Qf7 20. b3 Rhe8 21. Qf3 Rxe1 22. Rxe1 Re8 23. Rxe8+ Qxe8 24. Ne3 Qe6 25. Ndf1 Ne7 26. Qh5 Nf5 27. Kf2 Qe4 28. c3 Nxe3 29. Nxe3 Kb8 30. Qxd5 Qh4+ 31. Ke2 Bc8 32. h3 f5 33. Qe5 Qh5+ 34. Kf2 Qf7 35. c4 f4 36. Nd5 f3 37. g4 h6 38. Qe7 Qg8 39. Qxc7+ Ka7 40. Ne7 1-0

[Event "UKR-ch Women 2020"]
[Site "Kherson"]
[Date "2020.12.13"]
[Round "8.6"]
[White "Martynkova, Olena"]
[Black "Dubovyk, Anastasiia"]
[Result "0-1"]
[ECO "E68"]
[WhiteElo "2222"]
[BlackElo "1971"]
[Annotator "NA"]
[PlyCount "64"]
[EventDate "2020.12.06"]
[EventType "swiss"]
[EventCountry "UKR"]
[SourceTitle "playchess.com"]
[Source "ChessBase"]
[SourceQuality "1"]
[TimeControl "40/5400+30:1800+30"]

1. d4 Nf6 2. c4 d6 3. g3 g6 4. Bg2 Bg7 5. Nf3 O-O 6. O-O Nbd7 7. Nc3 e5 8. e4 exd4 9. Nxd4 Re8 10. h3 a6 11. Be3 Rb8 12. b3 Ne5 13. Re1 Bd7 14. a4 Qc8 15. f4 Nc6 16. Kh2 h5 17. Nxc6 bxc6 18. Qc2 h4 19. g4 Bxg4 20. hxg4 Qxg4 21. Ne2 h3 22. Bxh3 Qh4 23. Nc3 Nh5 24. Ne2 Bxa1 25. Rxa1 Nf6 26. Bd4 Rxe4 27. Bg1 Rbe8 28. Ng3 Rxf4 29. Rf1 Ng4+ 30. Kg2 Ne3+ 31. Bxe3 Rxe3 32. Rxf4 Rxg3+ 0-1

[Event "UKR-ch Women 2020"]
[Site "Kherson"]
[Date "2020.12.13"]
[Round "8.7"]
[White "Yeshchenko, Uliana"]
[Black "Grigorchuk, Katerina"]
[Result "0-1"]
[ECO "B33"]
[WhiteElo "1872"]
[BlackElo "1767"]
[Annotator "NA"]
[PlyCount "72"]
[EventDate "2020.12.06"]
[EventType "swiss"]
[EventCountry "UKR"]
[SourceTitle "playchess.com"]
[Source "ChessBase"]
[SourceQuality "1"]
[TimeControl "40/5400+30:1800+30"]

1. e4 c5 2. Nf3 Nc6 3. d4 cxd4 4. Nxd4 Nf6 5. Nc3 e5 6. Ndb5 d6 7. Bg5 a6 8. Na3 b5 9. Bxf6 gxf6 10. Nd5 f5 11. Bxb5 axb5 12. Nxb5 Rb8 13. Nbc7+ Kd7 14. Qh5 Nd4 15. Qxf7+ Be7 16. O-O Qf8 17. Qh5 Bd8 18. c3 Nc6 19. exf5 Bxc7 20. f6 Nd8 21. Qg4+ Ne6 22. Qa4+ Kd8 23. Rad1 Bb7 24. Nxc7 Nxc7 25. c4 Qxf6 26. Qb4 Kd7 27. c5 d5 28. Qa4+ Bc6 29. Qg4+ Ne6 30. Rd3 Rbg8 31. Qh3 Kc7 32. Ra3 d4 33. Ra7+ Kd8 34. Rc1 Rxg2+ 35. Qxg2 Bxg2 36. c6 Nc7 0-1

[Event "UKR-ch Women 2020"]
[Site "Kherson"]
[Date "2020.12.13"]
[Round "8.8"]
[White "Grineva, Marianna"]
[Black "Zinkevich, Julia"]
[Result "1-0"]
[ECO "C10"]
[WhiteElo "2001"]
[BlackElo "2178"]
[Annotator "NA"]
[PlyCount "87"]
[EventDate "2020.12.06"]
[EventType "swiss"]
[EventCountry "UKR"]
[SourceTitle "playchess.com"]
[Source "ChessBase"]
[SourceQuality "1"]
[TimeControl "40/5400+30:1800+30"]

1. e4 e6 2. d4 d5 3. Nd2 dxe4 4. Nxe4 Bd7 5. Nf3 Bc6 6. Ng3 Nd7 7. Bd3 Ngf6 8. O-O Be7 9. Re1 O-O 10. Qe2 Bxf3 11. Qxf3 c6 12. c3 Re8 13. Bc2 Qa5 14. Bb3 Rad8 15. Bf4 Nf8 16. Ne4 Qf5 17. Nxf6+ Qxf6 18. Qg3 Qg6 19. Qe3 Bd6 20. Bxd6 Rxd6 21. Qe5 Red8 22. Re3 Qf6 23. Qa5 a6 24. Rf3 Qe7 25. Re1 Ng6 26. g3 Nf8 27. Re4 Rb8 28. Ref4 f6 29. Re4 Re8 30. Rfe3 Kh8 31. Qh5 g6 32. Qe2 Qd7 33. h4 Kg7 34. Kg2 a5 35. h5 b6 36. hxg6 hxg6 37. Rh4 f5 38. Rh1 Kf6 39. Qf3 g5 40. Rh6+ Ng6 41. Qh5 Rg8 42. f4 g4 43. Qg5+ Kf7 44. Qxf5+ 1-0

[Event "UKR-ch Women 2020"]
[Site "Kherson"]
[Date "2020.12.13"]
[Round "8.10"]
[White "Gaponenko, Inna"]
[Black "Mashchenko, Tamila"]
[Result "1-0"]
[ECO "B53"]
[WhiteElo "2390"]
[BlackElo "1768"]
[Annotator "NA"]
[PlyCount "71"]
[EventDate "2020.12.06"]
[EventType "swiss"]
[EventCountry "UKR"]
[SourceTitle "playchess.com"]
[Source "ChessBase"]
[SourceQuality "1"]
[TimeControl "40/5400+30:1800+30"]

1. e4 c5 2. Nf3 d6 3. d4 cxd4 4. Qxd4 Nc6 5. Bb5 Bd7 6. Bxc6 Bxc6 7. Nc3 Nf6 8. Bg5 e6 9. O-O-O Be7 10. Rhe1 O-O 11. Kb1 Qa5 12. Qd2 Qa6 13. Nd4 Rfc8 14. f3 b5 15. g4 Rab8 16. Nce2 b4 17. Ng3 Qb7 18. Rg1 a5 19. Nh5 Ne8 20. Bxe7 Qxe7 21. g5 a4 22. Qf4 g6 23. Nf6+ Kg7 24. e5 d5 25. Qh4 h5 26. Nxh5+ gxh5 27. Qxh5 Kg8 28. Rg3 Ng7 29. Qh6 Qe8 30. Rh3 Kf8 31. Qh8+ Ke7 32. Qxg7 b3 33. cxb3 axb3 34. Qf6+ Kd7 35. Rh7 bxa2+ 36. Ka1 1-0